Canadiens vs Avalanche

Created - December-12-14 at 18:27

Goals
1 2 3 T
Canadiens 0 3 2 5
Avalanche 1 0 1 2
Shots
1 2 3 T
Canadiens 9 19 8 36
Avalanche 9 5 8 22

1st period

1. Avalanche , Keith Yandle 10 (Sami Vatanen, Riley Sheahan) at 11:46 (PP)

Penalties :
Brenden Morrow (MTL) for Interference (Minor) at 5:20, Quinton Howden (COL) for Goalie Interference (Minor) at 8:48, Alexander Edler (MTL) for Cross-checking (Minor) at 11:22, Chris Kunitz (MTL) for Roughing (Minor) at 15:54, Ryane Clowe (COL) for Holding (Minor) at 18:40

2nd period

2. Canadiens , Radim Vrbata 6 (Jonathan Toews, Dan Girardi) at 0:34 (PP)
3. Canadiens , Chris Kunitz 14 (Dan Girardi, Radim Vrbata) at 1:45
4. Canadiens , Radim Vrbata 7 (Jonathan Toews) at 2:19

Penalties :
Alexander Edler (MTL) for High sticking (Minor) at 9:38, Nick Holden (COL) for Roughing (Minor) at 11:40, Christopher Higgins (COL) for Interference (Minor) at 14:55, Scottie Upshall (COL) for High sticking (Minor) at 19:17

3rd period

5. Avalanche , Derek Stepan 15 (Ryane Clowe, Kevin Shattenkirk) at 7:33
6. Canadiens , Chris Kunitz 15 (Radim Vrbata, Jonathan Toews) at 12:35
7. Canadiens , Alexander Steen 19 (Jordan Eberle, Jason Demers) at 19:59 (PP)

Penalties :
Paul Stastny (MTL) for Tripping (Minor) at 10:16, Saku Koivu (MTL) for Holding (Minor) at 17:09, Boone Jenner (COL) for High sticking (Minor) at 19:39

Goalie Stats

Jonathan Bernier (MTL), 20 saves from 22 shots - (0.909), W, 8-9-2, 60:00 minutes
Martin Jones (COL), 31 saves from 36 shots - (0.861), L, 6-8-1, 60:00 minutes

Players Stats for Canadiens

Player Name              G  A  P  +/- PIM S  H  SB GA TA FO     MP     PP MP  PK MP  
------------------------------------------------------------------------------------
Alexander Edler          0  0  0   1  4   1  1  1  0  0  0/0    18:46   5:19   0:56 
Alexander Killorn        0  0  0   0  0   0  0  0  0  0  0/0     8:29   0:00   0:20 
Alexander Steen          1  0  1   0  0   6  1  0  0  0  3/5    21:38   5:02   3:30 
Brenden Morrow           0  0  0  -1  2   0  0  0  0  0  0/0     4:57   0:00   0:00 
Cam Fowler               0  0  0   1  0   2  0  4  0  0  0/0    25:26   4:51   4:56 
Chris Kunitz             2  0  2   3  2   6  3  0  0  0  2/3    19:57   5:08   1:32 
Dan Girardi              0  2  2   1  0   1  3  1  0  0  0/0    26:01   5:19   5:03 
Jason Demers             0  1  1   0  0   3  1  2  0  0  0/0    20:30   4:51   4:20 
Jonathan Toews           0  3  3   3  0   5  0  0  0  0  14/27  18:26   5:08   0:00 
Jordan Eberle            0  1  1   0  0   3  0  1  0  0  3/3    20:52   5:02   2:44 
Manny Malhotra           0  0  0  -1  0   0  0  0  0  0  2/4     4:58   0:00   0:00 
Martin Erat              0  0  0  -1  0   0  1  0  0  0  0/0    11:47   0:00   6:49 
Mason Raymond            0  0  0   0  0   0  0  0  0  0  0/0     8:09   0:00   0:00 
Paul Stastny             0  0  0   0  2   3  1  0  0  0  13/25  18:44   5:02   0:37 
Radim Vrbata             2  2  4   3  0   5  0  0  0  0  1/3    18:26   5:08   0:00 
Radko Gudas              0  0  0   0  0   0  1  5  0  0  0/0    16:42   0:00   5:23 
Saku Koivu               0  0  0   0  2   0  0  0  0  0  9/16   13:14   0:00   5:06 
Steve Oleksy             0  0  0   1  0   1  1  1  0  0  0/0    12:33   0:00   0:00 

Players Stats for Avalanche

Player Name              G  A  P  +/- PIM S  H  SB GA TA FO     MP     PP MP  PK MP  
------------------------------------------------------------------------------------
Boone Jenner             0  0  0  -1  2   1  2  0  0  0  0/0    11:41   0:42   0:43 
Christopher Higgins      0  0  0  -1  2   6  4  0  0  0  0/2    22:21   5:16   3:56 
Cody Hodgson             0  0  0  -1  0   3  0  0  0  0  10/18  23:31   5:16   5:05 
Derek Stepan             1  0  1   0  0   3  0  0  0  0  11/26  25:40   4:21   5:15 
Keith Yandle             1  0  1  -1  0   1  2  1  0  0  0/0    19:50   5:24   0:53 
Kevin Shattenkirk        0  1  1   1  0   2  1  0  0  0  0/0    23:07   4:55   5:33 
Marcel Goc               0  0  0   0  0   1  2  0  0  0  0/1    10:11   0:00   0:00 
Marcus Johansson         0  0  0  -1  0   1  0  0  0  0  1/1    19:56   5:37   1:09 
Markus Granlund          0  0  0  -1  0   1  0  1  0  0  2/9    10:17   0:00   0:00 
Michael Del Zotto        0  0  0  -2  0   0  0  0  0  0  0/0    13:54   0:00   0:00 
Nick Holden              0  0  0  -2  2   1  2  1  0  0  0/0    17:02   0:00   3:44 
Quinton Howden           0  0  0   0  2   0  2  0  0  0  9/17   14:58   4:54   4:12 
Riley Sheahan            0  1  1   0  0   0  0  0  0  0  6/10   10:26   4:33   0:00 
Ryane Clowe              0  1  1   0  2   1  1  0  0  0  0/1    10:19   0:09   0:00 
Sami Vatanen             0  1  1   1  0   0  1  1  0  0  0/0    22:35   5:20   5:11 
Scottie Upshall          0  0  0  -1  2   0  2  0  0  0  0/1    10:25   0:09   0:00 
Tyson Barrie             0  0  0  -1  0   1  2  1  0  0  0/0    22:50   4:25   4:52 
Victor Bartley           0  0  0   0  0   0  0  0  0  0  0/0     0:41   0:34   0:07 

3 Stars

1 - Radim Vrbata (MTL)
2 - Chris Kunitz (MTL)
3 - Jonathan Toews (MTL)

Power Play

Canadiens - 2 on 6 Attempt(s) - 33.33%
Avalanche - 1 on 6 Attempt(s) - 16.67%

Penalty Kill

Canadiens - 5 on 6 Attempt(s) - 83.33% - Score 0 goal in Penalty Kill
Avalanche - 4 on 6 Attempt(s) - 66.67% - Score 0 goal in Penalty Kill

Team Stat

Canadiens - Hits : 13 - Faceoff Wins : 47 - Blocked Shots : 15 - Penalty Minutes : 12
Avalanche - Hits : 21 - Faceoff Wins : 39 - Blocked Shots : 5 - Penalty Minutes : 12

Official

Referees : Mike Leggo and Eric Furlatt
Linesman : Derek Amell and Andy McElman

Game Notes

No Game Note

Finance

Level 1 -- Attendance: 6380 (98.15%) -- Ticket Income $650,760
Level 2 -- Attendance: 5000 (100.00%) -- Ticket Income $375,000
Level 3 -- Attendance: 2939 (83.97%) -- Ticket Income $161,645
Level 4 -- Attendance: 1888 (94.07%) -- Ticket Income $84,960
Luxury Box -- Attendance: 1000 (100.00%) -- Ticket Income $200,000
Game was played at the Pepsi Center'
Total Attendance: 17207 (95.56%)
Total Ticket Income: $1,472,365
Other Income: $220,855
Total Income: $1,693,220

% Time on Ice - Canadiens

Lines # - Real PCT - Wanted PCT - Time Play
Normal Forward
1 - 34% - 35% - 13:18
2 - 33% - 35% - 13:06
3 - 21% - 18% - 8:09
4 - 13% - 12% - 4:58
Normal Defense
1 - 29% - 28% - 11:19
2 - 32% - 27% - 12:33
3 - 20% - 23% - 7:53
4 - 20% - 22% - 7:46
PP Forward
1 - 50% - 50% - 5:08
2 - 50% - 50% - 5:02
PP Defense
1 - 48% - 50% - 4:51
2 - 52% - 50% - 5:19
PK Forward
1 - 74% - 60% - 7:35
2 - 26% - 40% - 2:44
PK Defense
1 - 52% - 60% - 5:23
2 - 48% - 40% - 4:56
PK3 Forward
1 - 0% - 60%
2 - 0% - 40%
PK3 Defense
1 - 0% - 60%
2 - 0% - 40%
44 Forward
1 - 0% - 50%
2 - 0% - 50%
44 Defense
1 - 0% - 50%
2 - 0% - 50%
Last Minute Offensive  - 0:00
Last Minute Defensive  - 0:00
Total
Forward - 60:00
Defense - 60:00

% Time on Ice - Avalanche

Lines # - Real PCT - Wanted PCT - Time Play
Normal Forward
1 - 26% - 34% - 10:11
2 - 33% - 32% - 13:10
3 - 15% - 24% - 5:53
4 - 26% - 10% - 10:17
Normal Defense
1 - 31% - 34% - 12:04
2 - 34% - 33% - 13:33
3 - 34% - 32% - 13:19
4 - 1% - 1% - 0:35
PP Forward
1 - 49% - 50% - 5:03
2 - 51% - 50% - 5:16
PP Defense
1 - 48% - 50% - 4:59
2 - 52% - 50% - 5:20
PK Forward
1 - 50% - 50% - 5:05
2 - 50% - 50% - 5:05
PK Defense
1 - 51% - 50% - 5:11
2 - 49% - 50% - 4:59
PK3 Forward
1 - 0% - 50%
2 - 0% - 50%
PK3 Defense
1 - 0% - 50%
2 - 0% - 50%
44 Forward
1 - 0% - 50%
2 - 0% - 50%
44 Defense
1 - 0% - 50%
2 - 0% - 50%
Last Minute Offensive  - 0:00
Last Minute Defensive  - 0:00
Total
Forward - 60:00
Defense - 60:00

Play by Play

1st period


0:01 of 1st period - Derek Stepan wins face-off versus Jonathan Toews in neutral zone.
0:51 of 1st period - Icing by Kevin Shattenkirk.
0:52 of 1st period - Paul Stastny wins face-off versus Ryane Clowe in Avalanche zone.
0:53 of 1st period - Shot by Alexander Steen.
0:53 of 1st period - Shot Misses the Net.
1:05 of 1st period - Shot by Jordan Eberle.
1:05 of 1st period - Shot Hit the Post.
1:08 of 1st period - Icing by Sami Vatanen.
1:09 of 1st period - Saku Koivu wins face-off versus Derek Stepan in Avalanche zone.
2:00 of 1st period - Alexander Killorn is hit by Marcel Goc and loses puck.
2:48 of 1st period - Icing by Keith Yandle.
2:49 of 1st period - Cody Hodgson wins face-off versus Manny Malhotra in Avalanche zone.
3:13 of 1st period - Off-side.
3:14 of 1st period - Jonathan Toews wins face-off versus Markus Granlund in neutral zone.
3:19 of 1st period - Shot by Chris Kunitz.
3:19 of 1st period - Stopped by Martin Jones without a rebound.
3:20 of 1st period - Jonathan Toews wins face-off versus Markus Granlund in Avalanche zone.
4:24 of 1st period - Shot by Jordan Eberle.
4:24 of 1st period - Shot Blocked by Markus Granlund.
5:20 of 1st period - Minor Penalty to Brenden Morrow for Interference.
5:21 of 1st period - Saku Koivu wins face-off versus Derek Stepan in Canadiens zone.
5:50 of 1st period - Shot by Tyson Barrie.
5:50 of 1st period - Shot Blocked by Cam Fowler.
5:52 of 1st period - Shot by Kevin Shattenkirk.
5:52 of 1st period - Stopped by Jonathan Bernier without a rebound.
5:53 of 1st period - Riley Sheahan wins face-off versus Saku Koivu in Canadiens zone.
6:05 of 1st period - Icing by Marcus Johansson.
6:06 of 1st period - Riley Sheahan wins face-off versus Alexander Steen in Avalanche zone.
6:57 of 1st period - Shot by Tyson Barrie.
6:57 of 1st period - Stopped by Jonathan Bernier with a rebound.
7:31 of 1st period - Shot by Radim Vrbata.
7:31 of 1st period - Stopped by Martin Jones with a rebound.
7:33 of 1st period - Shot by Chris Kunitz.
7:33 of 1st period - Stopped by Martin Jones without a rebound.
7:34 of 1st period - Derek Stepan wins face-off versus Paul Stastny in Avalanche zone.
7:43 of 1st period - Shot by Marcel Goc.
7:43 of 1st period - Shot Blocked by Jordan Eberle.
7:57 of 1st period - Shot by Ryane Clowe.
7:57 of 1st period - Shot Misses the Net.
7:59 of 1st period - Shot by Marcel Goc.
7:59 of 1st period - Stopped by Jonathan Bernier without a rebound.
8:00 of 1st period - Cody Hodgson wins face-off versus Jonathan Toews in Canadiens zone.
8:08 of 1st period - Jonathan Toews is hit by Christopher Higgins and loses puck.
8:12 of 1st period - Dan Girardi is hit by Keith Yandle and loses puck.
8:18 of 1st period - Icing by Tyson Barrie.
8:19 of 1st period - Cody Hodgson wins face-off versus Paul Stastny in Avalanche zone.
8:24 of 1st period - Jason Demers is hit by Christopher Higgins.
8:27 of 1st period - Paul Stastny is hit by Christopher Higgins and loses puck.
8:31 of 1st period - Alexander Steen is hit by Tyson Barrie and loses puck.
8:44 of 1st period - Shot by Paul Stastny.
8:44 of 1st period - Stopped by Martin Jones without a rebound.
8:45 of 1st period - Riley Sheahan wins face-off versus Jonathan Toews in Avalanche zone.
8:48 of 1st period - Minor Penalty to Quinton Howden for Goalie Interference.
8:49 of 1st period - Derek Stepan wins face-off versus Radim Vrbata in Avalanche zone.
9:36 of 1st period - Shot by Dan Girardi.
9:36 of 1st period - Shot Misses the Net.
9:46 of 1st period - Jordan Eberle is hit by Boone Jenner and loses puck.
9:55 of 1st period - Shot by Jordan Eberle.
9:55 of 1st period - Stopped by Martin Jones without a rebound.
9:56 of 1st period - Paul Stastny wins face-off versus Derek Stepan in Avalanche zone.
9:59 of 1st period - Shot by Alexander Steen.
9:59 of 1st period - Shot Blocked by Nick Holden.
10:15 of 1st period - Shot by Alexander Steen.
10:15 of 1st period - Shot Misses the Net.
10:17 of 1st period - Shot by Jordan Eberle.
10:17 of 1st period - Deflect By Alexander Steen.
10:17 of 1st period - Stopped by Martin Jones with a rebound.
10:19 of 1st period - Shot by Cam Fowler.
10:19 of 1st period - Shot Misses the Net.
10:24 of 1st period - Alexander Steen is hit by Nick Holden and loses puck.
11:21 of 1st period - Shot by Michael Del Zotto.
11:21 of 1st period - Shot Misses the Net.
11:22 of 1st period - Minor Penalty to Alexander Edler for Cross-checking.
11:23 of 1st period - Riley Sheahan wins face-off versus Saku Koivu in Canadiens zone.
11:38 of 1st period - Shot by Marcus Johansson.
11:38 of 1st period - Stopped by Jonathan Bernier with a rebound.
11:40 of 1st period - Shot by Riley Sheahan.
11:40 of 1st period - Shot Blocked by Radko Gudas.
11:42 of 1st period - Shot by Keith Yandle.
11:42 of 1st period - Shot Misses the Net.
11:44 of 1st period - Shot by Sami Vatanen.
11:44 of 1st period - Shot Blocked by Radko Gudas.
11:46 of 1st period - Shot by Keith Yandle.
11:46 of 1st period - Goal by Keith Yandle - Canadiens : 0 - Avalanche : 1.
11:47 of 1st period - Jonathan Toews wins face-off versus Derek Stepan in neutral zone.
12:22 of 1st period - Shot by Derek Stepan.
12:22 of 1st period - Stopped by Jonathan Bernier with a rebound.
13:02 of 1st period - Kevin Shattenkirk is hit by Chris Kunitz and loses puck.
14:09 of 1st period - Icing by Radko Gudas.
14:10 of 1st period - Jordan Eberle wins face-off versus Riley Sheahan in Canadiens zone.
14:10 of 1st period - Jordan Eberle is hit by Quinton Howden.
15:40 of 1st period - Shot by Cody Hodgson.
15:40 of 1st period - Stopped by Jonathan Bernier with a rebound.
15:42 of 1st period - Shot by Christopher Higgins.
15:42 of 1st period - Stopped by Jonathan Bernier without a rebound.
15:43 of 1st period - Markus Granlund wins face-off versus Jonathan Toews in Canadiens zone.
15:54 of 1st period - Minor Penalty to Chris Kunitz for Roughing.
15:55 of 1st period - Saku Koivu wins face-off versus Christopher Higgins in Canadiens zone.
15:55 of 1st period - Saku Koivu is hit by Christopher Higgins.
17:32 of 1st period - Shot by Sami Vatanen.
17:32 of 1st period - Shot Misses the Net.
17:34 of 1st period - Shot by Sami Vatanen.
17:34 of 1st period - Shot Misses the Net.
18:01 of 1st period - Icing by Michael Del Zotto.
18:02 of 1st period - Markus Granlund wins face-off versus Alexander Steen in Avalanche zone.
18:02 of 1st period - Markus Granlund is hit by Paul Stastny.
18:30 of 1st period - Shot by Boone Jenner.
18:30 of 1st period - Stopped by Jonathan Bernier without a rebound.
18:31 of 1st period - Derek Stepan wins face-off versus Jonathan Toews in Canadiens zone.
18:40 of 1st period - Minor Penalty to Ryane Clowe for Holding.
18:41 of 1st period - Quinton Howden wins face-off versus Jonathan Toews in Avalanche zone.
19:02 of 1st period - Off-side.
19:03 of 1st period - Paul Stastny wins face-off versus Derek Stepan in neutral zone.
19:09 of 1st period - Shot by Jordan Eberle.
19:09 of 1st period - Stopped by Martin Jones with a rebound.
19:11 of 1st period - Shot by Paul Stastny.
19:11 of 1st period - Stopped by Martin Jones without a rebound.
19:12 of 1st period - Paul Stastny wins face-off versus Quinton Howden in Avalanche zone.
19:31 of 1st period - Shot by Paul Stastny.
19:31 of 1st period - Stopped by Martin Jones without a rebound.
19:32 of 1st period - Jonathan Toews wins face-off versus Derek Stepan in Avalanche zone.
Goals for this period are 0 for Canadiens vs 1 for Avalanche.
Shots for this period are 9 for Canadiens vs 9 for Avalanche.

2nd period


0:01 of 2nd period - Quinton Howden wins face-off versus Paul Stastny in neutral zone.
0:10 of 2nd period - Shot by Jason Demers.
0:10 of 2nd period - Stopped by Martin Jones without a rebound.
0:11 of 2nd period - Quinton Howden wins face-off versus Jonathan Toews in Avalanche zone.
0:28 of 2nd period - Shot by Dan Girardi.
0:28 of 2nd period - Deflect By Jonathan Toews.
0:28 of 2nd period - Shot Misses the Net.
0:30 of 2nd period - Shot by Dan Girardi.
0:30 of 2nd period - Shot Misses the Net.
0:32 of 2nd period - Shot by Jonathan Toews.
0:32 of 2nd period - Deflect By Radim Vrbata.
0:32 of 2nd period - Shot Misses the Net.
0:34 of 2nd period - Shot by Radim Vrbata.
0:34 of 2nd period - Goal by Radim Vrbata - Canadiens : 1 - Avalanche : 1.
0:35 of 2nd period - Paul Stastny wins face-off versus Derek Stepan in neutral zone.
1:45 of 2nd period - Shot by Chris Kunitz.
1:45 of 2nd period - Goal by Chris Kunitz - Canadiens : 2 - Avalanche : 1.
1:46 of 2nd period - Marcus Johansson wins face-off versus Saku Koivu in neutral zone.
2:05 of 2nd period - Shot by Mason Raymond.
2:05 of 2nd period - Shot Misses the Net.
2:07 of 2nd period - Shot by Steve Oleksy.
2:07 of 2nd period - Stopped by Martin Jones without a rebound.
2:08 of 2nd period - Jonathan Toews wins face-off versus Markus Granlund in Avalanche zone.
2:11 of 2nd period - Shot by Chris Kunitz.
2:11 of 2nd period - Deflect By Jonathan Toews.
2:11 of 2nd period - Stopped by Martin Jones without a rebound.
2:12 of 2nd period - Cody Hodgson wins face-off versus Jonathan Toews in Avalanche zone.
2:19 of 2nd period - Shot by Radim Vrbata.
2:19 of 2nd period - Goal by Radim Vrbata - Canadiens : 3 - Avalanche : 1.
2:20 of 2nd period - Jonathan Toews wins face-off versus Cody Hodgson in neutral zone.
2:39 of 2nd period - Shot by Cody Hodgson.
2:39 of 2nd period - Stopped by Jonathan Bernier without a rebound.
2:40 of 2nd period - Jordan Eberle wins face-off versus Riley Sheahan in Canadiens zone.
2:40 of 2nd period - Jordan Eberle is hit by Quinton Howden.
3:33 of 2nd period - Icing by Paul Stastny.
3:34 of 2nd period - Cody Hodgson wins face-off versus Paul Stastny in Canadiens zone.
3:39 of 2nd period - Shot by Cody Hodgson.
3:39 of 2nd period - Shot Blocked by Radko Gudas.
3:43 of 2nd period - Shot by Christopher Higgins.
3:43 of 2nd period - Stopped by Jonathan Bernier without a rebound.
3:44 of 2nd period - Radim Vrbata wins face-off versus Cody Hodgson in Canadiens zone.
4:07 of 2nd period - Shot by Dan Girardi.
4:07 of 2nd period - Shot Misses the Net.
4:09 of 2nd period - Shot by Cam Fowler.
4:09 of 2nd period - Stopped by Martin Jones with a rebound.
4:54 of 2nd period - Icing by Marcus Johansson.
4:55 of 2nd period - Jordan Eberle wins face-off versus Cody Hodgson in Avalanche zone.
5:05 of 2nd period - Icing by Michael Del Zotto.
5:06 of 2nd period - Saku Koivu wins face-off versus Cody Hodgson in Avalanche zone.
6:10 of 2nd period - Jonathan Toews is hit by Kevin Shattenkirk.
6:20 of 2nd period - Shot by Jonathan Toews.
6:20 of 2nd period - Stopped by Martin Jones with a rebound.
6:38 of 2nd period - Shot by Chris Kunitz.
6:38 of 2nd period - Shot Blocked by Sami Vatanen.
6:53 of 2nd period - Paul Stastny is hit by Sami Vatanen and loses puck.
7:45 of 2nd period - Shot by Tyson Barrie.
7:45 of 2nd period - Deflect By Markus Granlund.
7:45 of 2nd period - Shot Misses the Net.
8:02 of 2nd period - Icing by Tyson Barrie.
8:03 of 2nd period - Saku Koivu wins face-off versus Markus Granlund in Avalanche zone.
9:02 of 2nd period - Shot by Marcus Johansson.
9:02 of 2nd period - Shot Misses the Net.
9:29 of 2nd period - Chris Kunitz is hit by Nick Holden and loses puck.
9:37 of 2nd period - Derek Stepan is hit by Steve Oleksy and loses puck.
9:38 of 2nd period - Minor Penalty to Alexander Edler for High sticking.
9:39 of 2nd period - Quinton Howden wins face-off versus Chris Kunitz in Canadiens zone.
10:50 of 2nd period - Shot by Kevin Shattenkirk.
10:50 of 2nd period - Stopped by Jonathan Bernier without a rebound.
10:51 of 2nd period - Alexander Steen wins face-off versus Quinton Howden in Canadiens zone.
11:08 of 2nd period - Shot by Kevin Shattenkirk.
11:08 of 2nd period - Shot Misses the Net.
11:10 of 2nd period - Shot by Derek Stepan.
11:10 of 2nd period - Shot Blocked by Radko Gudas.
11:40 of 2nd period - Minor Penalty to Nick Holden for Roughing.
11:41 of 2nd period - Derek Stepan wins face-off versus Radim Vrbata in Avalanche zone.
12:30 of 2nd period - Off-side.
12:31 of 2nd period - Quinton Howden wins face-off versus Paul Stastny in neutral zone.
12:37 of 2nd period - Icing by Dan Girardi.
12:38 of 2nd period - Paul Stastny wins face-off versus Quinton Howden in Canadiens zone.
12:51 of 2nd period - Shot by Alexander Steen.
12:51 of 2nd period - Shot Hit the Post.
12:53 of 2nd period - Shot by Alexander Edler.
12:53 of 2nd period - Shot Misses the Net.
12:55 of 2nd period - Shot by Alexander Edler.
12:55 of 2nd period - Stopped by Martin Jones with a rebound.
12:57 of 2nd period - Shot by Alexander Edler.
12:57 of 2nd period - Shot Blocked by Keith Yandle.
12:59 of 2nd period - Shot by Dan Girardi.
12:59 of 2nd period - Shot Misses the Net.
13:01 of 2nd period - Shot by Alexander Edler.
13:01 of 2nd period - Shot Misses the Net.
13:03 of 2nd period - Shot by Alexander Steen.
13:03 of 2nd period - Stopped by Martin Jones without a rebound.
13:04 of 2nd period - Jonathan Toews wins face-off versus Derek Stepan in Avalanche zone.
13:11 of 2nd period - Shot by Chris Kunitz.
13:11 of 2nd period - Stopped by Martin Jones without a rebound.
13:12 of 2nd period - Jonathan Toews wins face-off versus Quinton Howden in Avalanche zone.
13:15 of 2nd period - Shot by Jason Demers.
13:15 of 2nd period - Stopped by Martin Jones without a rebound.
13:16 of 2nd period - Quinton Howden wins face-off versus Paul Stastny in Avalanche zone.
13:54 of 2nd period - Nick Holden is hit by Chris Kunitz and loses puck.
14:13 of 2nd period - Shot by Marcel Goc.
14:13 of 2nd period - Shot Misses the Net.
14:21 of 2nd period - Shot by Jonathan Toews.
14:21 of 2nd period - Stopped by Martin Jones without a rebound.
14:22 of 2nd period - Cody Hodgson wins face-off versus Paul Stastny in Avalanche zone.
14:55 of 2nd period - Minor Penalty to Christopher Higgins for Interference.
14:56 of 2nd period - Quinton Howden wins face-off versus Jonathan Toews in Avalanche zone.
15:37 of 2nd period - Shot by Dan Girardi.
15:37 of 2nd period - Shot Misses the Net.
16:05 of 2nd period - Shot by Jordan Eberle.
16:05 of 2nd period - Stopped by Martin Jones without a rebound.
16:06 of 2nd period - Derek Stepan wins face-off versus Paul Stastny in Avalanche zone.
16:18 of 2nd period - Shot by Cam Fowler.
16:18 of 2nd period - Stopped by Martin Jones without a rebound.
16:19 of 2nd period - Quinton Howden wins face-off versus Paul Stastny in Avalanche zone.
17:11 of 2nd period - Radko Gudas is hit by Scottie Upshall and loses puck.
17:22 of 2nd period - Shot by Markus Granlund.
17:22 of 2nd period - Stopped by Jonathan Bernier without a rebound.
17:23 of 2nd period - Manny Malhotra wins face-off versus Derek Stepan in Canadiens zone.
17:25 of 2nd period - Dan Girardi is hit by Ryane Clowe and loses puck.
18:30 of 2nd period - Shot by Christopher Higgins.
18:30 of 2nd period - Stopped by Jonathan Bernier without a rebound.
18:31 of 2nd period - Paul Stastny wins face-off versus Markus Granlund in Canadiens zone.
19:17 of 2nd period - Minor Penalty to Scottie Upshall for High sticking.
19:18 of 2nd period - Jonathan Toews wins face-off versus Quinton Howden in Avalanche zone.
19:21 of 2nd period - Shot by Jonathan Toews.
19:21 of 2nd period - Stopped by Martin Jones without a rebound.
19:22 of 2nd period - Jonathan Toews wins face-off versus Quinton Howden in Avalanche zone.
19:23 of 2nd period - Shot by Jason Demers.
19:23 of 2nd period - Shot Misses the Net.
19:33 of 2nd period - Shot by Jason Demers.
19:33 of 2nd period - Shot Misses the Net.
19:35 of 2nd period - Shot by Jason Demers.
19:35 of 2nd period - Shot Misses the Net.
19:37 of 2nd period - Shot by Jason Demers.
19:37 of 2nd period - Stopped by Martin Jones without a rebound.
19:38 of 2nd period - Paul Stastny wins face-off versus Derek Stepan in Avalanche zone.
19:39 of 2nd period - Shot by Alexander Steen.
19:39 of 2nd period - Stopped by Martin Jones with a rebound.
19:41 of 2nd period - Shot by Dan Girardi.
19:41 of 2nd period - Stopped by Martin Jones without a rebound.
19:42 of 2nd period - Jonathan Toews wins face-off versus Quinton Howden in Avalanche zone.
19:59 of 2nd period - Shot by Alexander Edler.
19:59 of 2nd period - Shot Misses the Net.
Goals for this period are 3 for Canadiens vs 0 for Avalanche.
Shots for this period are 19 for Canadiens vs 5 for Avalanche.

3rd period


0:01 of 3rd period - Paul Stastny wins face-off versus Derek Stepan in neutral zone.
0:39 of 3rd period - Kevin Shattenkirk is hit by Alexander Steen and loses puck.
1:05 of 3rd period - Icing by Radim Vrbata.
1:06 of 3rd period - Quinton Howden wins face-off versus Jonathan Toews in Canadiens zone.
1:21 of 3rd period - Shot by Tyson Barrie.
1:21 of 3rd period - Shot Misses the Net.
1:25 of 3rd period - Shot by Scottie Upshall.
1:25 of 3rd period - Shot Blocked by Steve Oleksy.
1:27 of 3rd period - Shot by Keith Yandle.
1:27 of 3rd period - Shot Blocked by Alexander Edler.
2:38 of 3rd period - Shot by Radim Vrbata.
2:38 of 3rd period - Stopped by Martin Jones without a rebound.
2:39 of 3rd period - Paul Stastny wins face-off versus Cody Hodgson in Avalanche zone.
3:00 of 3rd period - Shot by Alexander Steen.
3:00 of 3rd period - Stopped by Martin Jones without a rebound.
3:01 of 3rd period - Derek Stepan wins face-off versus Saku Koivu in Avalanche zone.
3:09 of 3rd period - Icing by Dan Girardi.
3:10 of 3rd period - Saku Koivu wins face-off versus Riley Sheahan in Canadiens zone.
3:42 of 3rd period - Icing by Cam Fowler.
3:43 of 3rd period - Saku Koivu wins face-off versus Cody Hodgson in Canadiens zone.
3:49 of 3rd period - Icing by Mason Raymond.
3:50 of 3rd period - Cody Hodgson wins face-off versus Saku Koivu in Canadiens zone.
4:12 of 3rd period - Saku Koivu is hit by Keith Yandle and loses puck.
4:37 of 3rd period - Jonathan Toews is hit by Tyson Barrie and loses puck.
4:50 of 3rd period - Icing by Jonathan Toews.
4:51 of 3rd period - Jonathan Toews wins face-off versus Derek Stepan in Canadiens zone.
4:56 of 3rd period - Kevin Shattenkirk is hit by Chris Kunitz and loses puck.
5:35 of 3rd period - Shot by Ryane Clowe.
5:35 of 3rd period - Stopped by Jonathan Bernier without a rebound.
5:36 of 3rd period - Manny Malhotra wins face-off versus Markus Granlund in Canadiens zone.
5:36 of 3rd period - Martin Erat is hit by Boone Jenner and loses puck.
5:52 of 3rd period - Markus Granlund is hit by Martin Erat and loses puck.
6:08 of 3rd period - Scottie Upshall is hit by Dan Girardi and loses puck.
6:16 of 3rd period - Icing by Dan Girardi.
6:17 of 3rd period - Cody Hodgson wins face-off versus Manny Malhotra in Canadiens zone.
6:17 of 3rd period - Cody Hodgson is hit by Dan Girardi.
7:29 of 3rd period - Shot by Derek Stepan.
7:29 of 3rd period - Stopped by Jonathan Bernier with a rebound.
7:31 of 3rd period - Shot by Ryane Clowe.
7:31 of 3rd period - Shot Blocked by Cam Fowler.
7:33 of 3rd period - Shot by Derek Stepan.
7:33 of 3rd period - Goal by Derek Stepan - Canadiens : 3 - Avalanche : 2.
7:34 of 3rd period - Paul Stastny wins face-off versus Scottie Upshall in neutral zone.
7:34 of 3rd period - Paul Stastny is hit by Scottie Upshall.
7:53 of 3rd period - Off-side.
7:54 of 3rd period - Riley Sheahan wins face-off versus Jonathan Toews in neutral zone.
8:29 of 3rd period - Shot by Chris Kunitz.
8:29 of 3rd period - Stopped by Martin Jones without a rebound.
8:30 of 3rd period - Paul Stastny wins face-off versus Cody Hodgson in Avalanche zone.
8:41 of 3rd period - Shot by Michael Del Zotto.
8:41 of 3rd period - Shot Blocked by Jason Demers.
8:47 of 3rd period - Shot by Christopher Higgins.
8:47 of 3rd period - Shot Misses the Net.
8:49 of 3rd period - Shot by Christopher Higgins.
8:49 of 3rd period - Shot Blocked by Jason Demers.
8:51 of 3rd period - Shot by Nick Holden.
8:51 of 3rd period - Shot Misses the Net.
8:53 of 3rd period - Shot by Nick Holden.
8:53 of 3rd period - Stopped by Jonathan Bernier with a rebound.
8:55 of 3rd period - Shot by Nick Holden.
8:55 of 3rd period - Shot Misses the Net.
9:01 of 3rd period - Shot by Christopher Higgins.
9:01 of 3rd period - Stopped by Jonathan Bernier without a rebound.
9:02 of 3rd period - Jonathan Toews wins face-off versus Derek Stepan in Canadiens zone.
9:08 of 3rd period - Icing by Jonathan Toews.
9:09 of 3rd period - Jonathan Toews wins face-off versus Derek Stepan in Canadiens zone.
9:20 of 3rd period - Shot by Jonathan Toews.
9:20 of 3rd period - Shot Misses the Net.
9:32 of 3rd period - Radim Vrbata is hit by Marcel Goc and loses puck.
10:01 of 3rd period - Icing by Sami Vatanen.
10:02 of 3rd period - Paul Stastny wins face-off versus Marcel Goc in Avalanche zone.
10:16 of 3rd period - Minor Penalty to Paul Stastny for Tripping.
10:17 of 3rd period - Saku Koivu wins face-off versus Cody Hodgson in Canadiens zone.
11:05 of 3rd period - Tyson Barrie is hit by Radko Gudas and loses puck.
11:28 of 3rd period - Icing by Christopher Higgins.
11:29 of 3rd period - Alexander Steen wins face-off versus Derek Stepan in Avalanche zone.
11:36 of 3rd period - Shot by Sami Vatanen.
11:36 of 3rd period - Shot Blocked by Radko Gudas.
11:38 of 3rd period - Shot by Sami Vatanen.
11:38 of 3rd period - Deflect By Derek Stepan.
11:38 of 3rd period - Shot Misses the Net.
11:40 of 3rd period - Shot by Christopher Higgins.
11:40 of 3rd period - Stopped by Jonathan Bernier without a rebound.
11:41 of 3rd period - Derek Stepan wins face-off versus Saku Koivu in Canadiens zone.
11:57 of 3rd period - Icing by Sami Vatanen.
11:58 of 3rd period - Derek Stepan wins face-off versus Saku Koivu in Avalanche zone.
12:35 of 3rd period - Shot by Chris Kunitz.
12:35 of 3rd period - Goal by Chris Kunitz - Canadiens : 4 - Avalanche : 2.
12:36 of 3rd period - Cody Hodgson wins face-off versus Paul Stastny in neutral zone.
13:16 of 3rd period - Shot by Marcus Johansson.
13:16 of 3rd period - Shot Blocked by Dan Girardi.
13:18 of 3rd period - Shot by Tyson Barrie.
13:18 of 3rd period - Deflect By Cody Hodgson.
13:18 of 3rd period - Shot Blocked by Cam Fowler.
14:08 of 3rd period - Shot by Radim Vrbata.
14:08 of 3rd period - Stopped by Martin Jones without a rebound.
14:09 of 3rd period - Saku Koivu wins face-off versus Markus Granlund in Avalanche zone.
14:15 of 3rd period - Kevin Shattenkirk is hit by Alexander Edler and loses puck.
14:30 of 3rd period - Shot by Saku Koivu.
14:30 of 3rd period - Shot Misses the Net.
15:07 of 3rd period - Sami Vatanen is hit by Dan Girardi and loses puck.
15:17 of 3rd period - Icing by Dan Girardi.
15:18 of 3rd period - Derek Stepan wins face-off versus Paul Stastny in Canadiens zone.
15:39 of 3rd period - Shot by Alexander Steen.
15:39 of 3rd period - Stopped by Martin Jones without a rebound.
15:40 of 3rd period - Cody Hodgson wins face-off versus Jonathan Toews in Avalanche zone.
16:15 of 3rd period - Shot by Christopher Higgins.
16:15 of 3rd period - Stopped by Jonathan Bernier without a rebound.
16:16 of 3rd period - Riley Sheahan wins face-off versus Paul Stastny in Canadiens zone.
16:23 of 3rd period - Shot by Quinton Howden.
16:23 of 3rd period - Shot Misses the Net.
16:56 of 3rd period - Shot by Alexander Steen.
16:56 of 3rd period - Shot Misses the Net.
17:09 of 3rd period - Minor Penalty to Saku Koivu for Holding.
17:10 of 3rd period - Chris Kunitz wins face-off versus Christopher Higgins in Canadiens zone.
17:32 of 3rd period - Cody Hodgson is hit by Jason Demers.
17:48 of 3rd period - Shot by Marcus Johansson.
17:48 of 3rd period - Shot Blocked by Cam Fowler.
18:21 of 3rd period - Shot by Tyson Barrie.
18:21 of 3rd period - Deflect By Christopher Higgins.
18:21 of 3rd period - Shot Hit the Post.
18:47 of 3rd period - Shot by Kevin Shattenkirk.
18:47 of 3rd period - Shot Misses the Net.
18:49 of 3rd period - Shot by Cody Hodgson.
18:49 of 3rd period - Stopped by Jonathan Bernier without a rebound.
18:50 of 3rd period - Chris Kunitz wins face-off versus Riley Sheahan in Canadiens zone.
19:39 of 3rd period - Minor Penalty to Boone Jenner for High sticking.
19:40 of 3rd period - Derek Stepan wins face-off versus Jonathan Toews in Avalanche zone.
19:51 of 3rd period - Shot by Jonathan Toews.
19:51 of 3rd period - Stopped by Martin Jones without a rebound.
19:52 of 3rd period - Alexander Steen wins face-off versus Quinton Howden in Avalanche zone.
19:53 of 3rd period - Shot by Cam Fowler.
19:53 of 3rd period - Shot Misses the Net.
19:55 of 3rd period - Shot by Jason Demers.
19:55 of 3rd period - Shot Blocked by Tyson Barrie.
19:57 of 3rd period - Shot by Jordan Eberle.
19:57 of 3rd period - Shot Misses the Net.
19:59 of 3rd period - Shot by Alexander Steen.
19:59 of 3rd period - Goal by Alexander Steen - Canadiens : 5 - Avalanche : 2.
Goals for this period are 2 for Canadiens vs 1 for Avalanche.
Shots for this period are 8 for Canadiens vs 8 for Avalanche.


Output by the SimonT Hockey Simulator (STHS) for Stephane Roy -- Original Page W3C XHTML 1.0 Valid
Hockey Simulator - Hockey Simulation - Hockey Manager